[ AOE2 MATCH · #477199111 ]
UnrankedFranks vs Magyars
[ REPLAY ANALYSIS · EXTRACTED FROM THE RECORDED GAME ]
Feudal
10:47
Castle
23:21
Imperial
36:45
| APM avg | 9.5 |
| APM peak | 35 |
| eAPM avg | 6.3 |
| Villagers / military | 57 / 104 |
Focus
⚔️ 38.6% · 🌾 61.4%
Scout Cavalry ×43 · Knight ×39 · Throwing Axeman ×20 · Monk ×1 · Trebuchet (Packed) ×1
Feudal
13:17
Castle
24:16
Imperial
35:18
| APM avg | 34.3 |
| APM peak | 92 |
| eAPM avg | 16.9 |
| Villagers / military | 65 / 12 |
Focus
⚔️ 28.0% · 🌾 72.0%
Unknown (1949) ×108 · Trade Cart ×18 · Monk ×7 · Spearman ×5
Feudal
11:19
Castle
22:47
Imperial
36:55
| APM avg | 24.4 |
| APM peak | 65 |
| eAPM avg | 15.1 |
| Villagers / military | 61 / 66 |
Focus
⚔️ 24.0% · 🌾 76.0%
Spearman ×29 · Skirmisher ×16 · Magyar Huszar ×9 · Scout Cavalry ×8 · Battering Ram ×2 · Petard ×1
Feudal
11:57
Castle
20:52
Imperial
39:45
| APM avg | 33.2 |
| APM peak | 70 |
| eAPM avg | 15.2 |
| Villagers / military | 126 / 76 |
Focus
⚔️ 25.7% · 🌾 74.3%
Mangudai ×46 · Archer ×21 · Trade Cart ×14 · Battering Ram ×7 · Petard ×2
Feudal
13:09
Castle
27:47
Imperial
—
| APM avg | 12.2 |
| APM peak | 34 |
| eAPM avg | 10.1 |
| Villagers / military | 113 / 89 |
Focus
⚔️ 27.4% · 🌾 72.6%
Skirmisher ×42 · Spearman ×17 · Scout Cavalry ×11 · Mangonel ×8 · Woad Raider ×5 · Monk ×4
Feudal
10:18
Castle
25:13
Imperial
35:22
| APM avg | 30.7 |
| APM peak | 68 |
| eAPM avg | 13.7 |
| Villagers / military | 101 / 96 |
Focus
⚔️ 26.1% · 🌾 73.9%
Archer ×76 · Battering Ram ×10 · Longbowman ×5 · Trebuchet (Packed) ×4 · Spearman ×1
Feudal
10:35
Castle
20:22
Imperial
39:55
| APM avg | 27.3 |
| APM peak | 73 |
| eAPM avg | 14.3 |
| Villagers / military | 93 / 193 |
Focus
⚔️ 32.2% · 🌾 67.8%
Spearman ×114 · Skirmisher ×29 · Berserk ×20 · Archer ×15 · Mangonel ×4 · Battering Ram ×4
Feudal
13:35
Castle
27:23
Imperial
—
| APM avg | 22.0 |
| APM peak | 47 |
| eAPM avg | 13.9 |
| Villagers / military | 67 / 45 |
Focus
⚔️ 32.4% · 🌾 67.6%
Serjeant ×20 · Knight ×13 · Spearman ×12
Match map
Initial resources + every placement click. Lines = walls · curves = elevation contours. ◆ gold · ⬟ stone · ● berries · ✦ relic · ◌ wall gap
Your base· Open — unwalled flank
KR0N0S-'s base· Open — unwalled flank
Pantufla18's base· Open — 5t gap
Flopito's base· Open — unwalled flank
DarthVader's base· Open — 1t gap
Saibott's base· Open — 5t gap
Benjamminnemmann's base· Open — 5t gap
ellukatzi00's base· ✓ Closed at 27:23 · 43t walls · 1 gate(s)
Smoothed initial terrain · ◌ = detected wall gap · hover for details
Inputs per minute
— hitmanvoodly - - KR0N0S-
Build order — hitmanvoodly
First 150 of 174 actions detected
| 0:03 | Build | House |
| 0:06 | Build | House |
| 0:12 | Create | Villager (Male) |
| 0:13 | Create | Villager (Male) |
| 0:13 | Create | Villager (Male) |
| 0:13 | Create | Villager (Male) |
| 1:53 | Create | Villager (Male) |
| 2:36 | Build | Lumber Camp |
| 2:39 | Create | Villager (Male) |
| 2:39 | Create | Villager (Male) |
| 3:10 | Create | Villager (Male) |
| 3:33 | Create | Villager (Male) |
| 3:37 | Build | House |
| 4:02 | Create | Villager (Male) |
| 4:22 | Create | Villager (Male) |
| 5:03 | Research | Loom |
| 5:20 | Create | Villager (Male) |
| 5:50 | Create | Villager (Male) |
| 6:03 | Build | House |
| 6:11 | Create | Villager (Male) |
| 6:38 | Create | Villager (Male) |
| 6:43 | Build | Mill |
| 6:52 | Create | Villager (Male) |
| 7:20 | Create | Villager (Male) |
| 7:53 | Create | Villager (Male) |
| 8:24 | Build | Mill |
| 8:33 | Build | Mining Camp |
| 8:37 | Research | Feudal Age |
| 8:41 | Build | House |
| 8:51 | Create | Villager (Male) |
| 10:05 | Build | Barracks |
| 10:47 | Age | Feudal Age |
| 10:50 | Create | Villager (Male) |
| 10:55 | Research | Double-Bit Axe |
| 11:24 | Build | Stable |
| 11:26 | Create | Villager (Male) |
| 11:41 | Build | Farm |
| 11:44 | Create | Villager (Male) |
| 12:08 | Build | House |
| 12:13 | Create | Villager (Male) |
| 12:31 | Build | Farm |
| 12:34 | Build | Farm |
| 12:37 | Create | Villager (Male) |
| 12:40 | Create | Scout Cavalry |
| 13:00 | Build | Farm |
| 13:05 | Build | Farm |
| 13:07 | Create | Villager (Male) |
| 13:09 | Create | Scout Cavalry |
| 13:15 | Build | Mining Camp |
| 13:23 | Build | Farm |
| 13:29 | Research | Wheelbarrow |
| 13:32 | Create | Scout Cavalry |
| 13:49 | Build | Farm |
| 14:03 | Create | Scout Cavalry |
| 14:31 | Create | Villager (Male) |
| 14:45 | Create | Scout Cavalry |
| 15:31 | Build | House |
| 15:33 | Create | Villager (Male) |
| 16:14 | Build | Blacksmith |
| 16:58 | Create | Scout Cavalry |
| 17:02 | Build | Farm |
| 17:26 | Create | Scout Cavalry |
| 17:33 | Create | Scout Cavalry |
| 18:08 | Create | Villager (Male) |
| 18:10 | Research | Town Watch |
| 18:38 | Build | Farm |
| 18:40 | Create | Villager (Male) |
| 19:12 | Build | Farm |
| 19:14 | Build | Farm |
| 19:16 | Build | Farm |
| 19:17 | Build | Farm |
| 19:22 | Create | Villager (Male) |
| 19:25 | Build | Farm |
| 19:35 | Build | Stable |
| 19:50 | Create | Villager (Male) |
| 19:53 | Build | Farm |
| 20:37 | Build | House |
| 20:41 | Research | Castle Age |
| 21:04 | Research | Gold Mining |
| 21:09 | Research | Stone Mining |
| 22:35 | Create | Villager (Male) |
| 23:21 | Age | Castle Age |
| 23:24 | Create | Villager (Male) |
| 23:26 | Create | Knight |
| 23:29 | Research | Husbandry |
| 24:10 | Create | Knight |
| 24:36 | Create | Villager (Male) |
| 24:50 | Build | Town Center |
| 25:02 | Build | Town Center |
| 25:07 | Research | Forging |
| 25:11 | Create | Knight |
| 25:15 | Create | Knight |
| 25:26 | Build | Castle |
| 25:47 | Create | Knight |
| 25:59 | Build | Monastery |
| 26:03 | Create | Villager (Male) |
| 26:25 | Research | Scale Barding Armor |
| 26:42 | Create | Villager (Male) |
| 26:45 | Create | Villager (Male) |
| 26:46 | Create | Villager (Male) |
| 26:52 | Create | Monk |
| 26:57 | Build | Farm |
| 27:03 | Create | Villager (Male) |
| 27:21 | Create | Villager (Male) |
| 27:26 | Research | Bow Saw |
| 27:31 | Create | Villager (Male) |
| 27:32 | Create | Villager (Male) |
| 28:00 | Build | Lumber Camp |
| 28:14 | Create | Villager (Male) |
| 28:15 | Create | Villager (Male) |
| 28:18 | Create | Villager (Male) |
| 28:22 | Research | Iron Casting |
| 28:50 | Create | Villager (Male) |
| 28:54 | Research | Hand Cart |
| 29:01 | Create | Villager (Male) |
| 30:05 | Build | Farm |
| 30:06 | Create | Villager (Male) |
| 30:08 | Create | Villager (Male) |
| 30:11 | Create | Villager (Male) |
| 30:14 | Build | Farm |
| 31:07 | Create | Knight |
| 31:10 | Create | Knight |
| 31:43 | Build | Stable |
| 32:07 | Research | Chain Barding Armor |
| 32:32 | Build | Farm |
| 32:37 | Create | Villager (Male) |
| 32:44 | Create | Villager (Male) |
| 33:13 | Build | Stable |
| 33:19 | Research | Gold Shaft Mining |
| 33:24 | Build | Farm |
| 33:29 | Build | Farm |
| 33:35 | Research | Imperial Age |
| 33:37 | Create | Villager (Male) |
| 34:42 | Build | Stable |
| 34:47 | Create | Villager (Male) |
| 34:51 | Create | Villager (Male) |
| 35:33 | Create | Knight ×5 |
| 35:44 | Build | House |
| 35:49 | Build | Farm |
| 35:51 | Create | Villager (Male) |
| 35:56 | Create | Villager (Male) |
| 36:45 | Age | Imperial Age |
| 36:55 | Research | Cavalier (upgrade) |
| 37:05 | Build | Farm |
| 37:11 | Build | Farm |
| 37:24 | Build | House |
| 37:43 | Create | Knight ×2 |
| 38:47 | Research | Light Cavalry (upgrade) |
| 38:48 | Create | Scout Cavalry ×5 |
| 38:58 | Build | Mining Camp |
Build order — KR0N0S-
First 150 of 322 actions detected
| 0:02 | Build | House |
| 0:04 | Build | House |
| 0:04 | Create | Villager (Male) |
| 0:05 | Create | Villager (Male) |
| 0:05 | Create | Villager (Male) |
| 0:05 | Create | Villager (Male) |
| 1:44 | Create | Villager (Male) |
| 2:04 | Create | Villager (Male) |
| 2:23 | Create | Villager (Male) |
| 2:49 | Create | Villager (Male) |
| 2:56 | Create | Villager (Male) |
| 3:24 | Create | Villager (Male) |
| 3:30 | Build | House |
| 3:48 | Create | Villager (Male) |
| 4:52 | Create | Villager (Male) |
| 4:59 | Create | Villager (Male) |
| 5:12 | Create | Villager (Male) |
| 5:12 | Create | Villager (Male) |
| 5:13 | Create | Villager (Male) |
| 5:13 | Create | Villager (Male) |
| 5:20 | Build | House |
| 5:47 | Create | Villager (Male) |
| 6:12 | Build | Lumber Camp |
| 6:17 | Create | Villager (Male) |
| 7:09 | Build | Mill |
| 7:34 | Create | Villager (Male) |
| 7:34 | Create | Villager (Male) |
| 7:35 | Create | Villager (Male) |
| 7:35 | Create | Villager (Male) |
| 7:57 | Create | Villager (Male) |
| 8:07 | Build | House |
| 8:13 | Create | Villager (Male) |
| 8:46 | Create | Villager (Male) |
| 9:37 | Create | Villager (Male) |
| 9:51 | Build | House |
| 10:02 | Build | House |
| 10:31 | Research | Loom |
| 10:43 | Research | Feudal Age |
| 10:49 | Build | Barracks |
| 11:00 | Build | Palisade Gate |
| 11:05 | Build | Palisade Wall |
| 11:15 | Build | House |
| 11:20 | Build | House |
| 11:30 | Build | House |
| 12:02 | Build | Mill |
| 12:13 | Build | Farm |
| 12:13 | Build | Farm |
| 12:14 | Build | Farm |
| 12:14 | Build | Farm |
| 12:14 | Build | Farm |
| 12:15 | Build | Farm |
| 12:35 | Create | Villager (Male) |
| 12:36 | Create | Villager (Male) |
| 13:01 | Build | Palisade Wall |
| 13:17 | Age | Feudal Age |
| 13:17 | Research | Double-Bit Axe |
| 13:38 | Build | Palisade Wall |
| 13:42 | Create | Spearman |
| 13:43 | Create | Spearman |
| 13:48 | Research | Horse Collar |
| 13:53 | Build | Mining Camp |
| 13:56 | Create | Villager (Male) |
| 13:57 | Create | Villager (Male) |
| 14:23 | Build | Palisade Wall |
| 14:31 | Build | Palisade Wall |
| 14:39 | Build | Palisade Gate |
| 14:52 | Build | Farm |
| 14:52 | Build | Farm |
| 14:52 | Build | Farm |
| 14:53 | Build | Farm |
| 14:56 | Build | Farm |
| 14:56 | Build | Farm |
| 14:57 | Build | Farm |
| 14:57 | Build | Farm |
| 14:57 | Build | Farm |
| 14:57 | Build | Farm |
| 14:59 | Create | Villager (Male) |
| 15:00 | Create | Villager (Male) |
| 15:06 | Create | Villager (Male) |
| 15:42 | Build | Mining Camp |
| 15:45 | Create | Villager (Male) |
| 15:45 | Create | Villager (Male) |
| 16:02 | Build | Farm |
| 16:04 | Create | Villager (Male) |
| 16:32 | Create | Villager (Male) |
| 16:45 | Build | Farm |
| 16:46 | Create | Spearman |
| 16:47 | Create | Spearman |
| 17:32 | Build | Palisade Wall |
| 17:53 | Create | Villager (Male) |
| 17:53 | Create | Villager (Male) |
| 18:01 | Build | Farm |
| 18:27 | Build | Blacksmith |
| 18:34 | Build | House |
| 18:42 | Create | Villager (Male) |
| 18:45 | Build | Farm |
| 18:52 | Build | Market |
| 19:03 | Create | Villager (Male) |
| 19:03 | Create | Villager (Male) |
| 19:17 | Research | Gold Mining |
| 19:59 | Create | Villager (Male) |
| 20:21 | Create | Villager (Male) |
| 20:33 | Build | House |
| 20:35 | Build | House |
| 20:44 | Build | House |
| 20:47 | Build | House |
| 20:48 | Build | House |
| 20:52 | Build | House |
| 21:00 | Create | Villager (Male) |
| 21:04 | Create | Villager (Male) |
| 21:15 | Build | Lumber Camp |
| 21:36 | Research | Castle Age |
| 22:09 | Build | Lumber Camp |
| 22:15 | Create | Spearman |
| 22:48 | Build | Palisade Wall |
| 23:14 | Build | House |
| 23:27 | Create | Villager (Male) |
| 23:28 | Create | Villager (Male) |
| 23:32 | Research | Stone Mining |
| 23:41 | Create | Trade Cart |
| 23:41 | Create | Trade Cart |
| 24:14 | Create | Villager (Male) |
| 24:16 | Age | Castle Age |
| 24:23 | Build | Castle |
| 24:28 | Create | Villager (Male) |
| 24:32 | Research | Bow Saw |
| 24:35 | Research | Heavy Plow |
| 24:40 | Research | Gold Shaft Mining |
| 24:42 | Create | Trade Cart |
| 25:32 | Create | Villager (Male) |
| 25:42 | Create | Villager (Male) |
| 26:02 | Build | Market |
| 26:14 | Create | Trade Cart |
| 26:30 | Create | Villager (Male) |
| 26:31 | Create | Unit 1949 |
| 26:34 | Create | Unit 1949 |
| 26:34 | Create | Unit 1949 |
| 26:38 | Research | Forging |
| 26:38 | Research | Scale Barding Armor |
| 26:47 | Build | Monastery |
| 26:53 | Create | Villager (Male) |
| 26:53 | Create | Villager (Male) |
| 27:02 | Create | Unit 1949 |
| 27:02 | Create | Unit 1949 |
| 27:02 | Create | Unit 1949 |
| 27:03 | Create | Unit 1949 |
| 27:21 | Create | Monk |
| 27:22 | Create | Monk |
| 28:12 | Research | Caravan |
| 28:12 | Create | Trade Cart |
Build order — Pantufla18
First 150 of 237 actions detected
| 0:07 | Build | House |
| 0:09 | Build | House |
| 0:10 | Create | Villager (Male) |
| 0:10 | Create | Villager (Male) |
| 0:10 | Create | Villager (Male) |
| 0:11 | Create | Villager (Male) |
| 1:41 | Create | Villager (Male) |
| 2:11 | Create | Villager (Male) |
| 2:42 | Create | Villager (Male) |
| 3:04 | Create | Villager (Male) |
| 3:28 | Create | Villager (Male) |
| 3:52 | Create | Villager (Male) |
| 3:55 | Build | House |
| 4:01 | Create | Villager (Male) |
| 4:29 | Build | Lumber Camp |
| 4:33 | Create | Villager (Male) |
| 4:39 | Research | Loom |
| 4:49 | Build | House |
| 5:09 | Create | Villager (Male) |
| 5:40 | Build | Mill |
| 6:07 | Create | Villager (Male) |
| 6:44 | Create | Villager (Male) |
| 6:47 | Create | Villager (Male) |
| 7:17 | Build | Barracks |
| 8:28 | Build | Mining Camp |
| 9:09 | Research | Feudal Age |
| 10:05 | Build | House |
| 10:27 | Build | Palisade Gate |
| 10:32 | Build | Palisade Gate |
| 10:39 | Create | Villager (Male) |
| 10:39 | Create | Villager (Male) |
| 11:17 | Build | Palisade Wall |
| 11:19 | Age | Feudal Age |
| 11:22 | Create | Spearman |
| 11:22 | Create | Spearman |
| 11:23 | Create | Spearman |
| 11:57 | Research | Horse Collar |
| 12:26 | Create | Villager (Male) |
| 13:03 | Create | Villager (Male) |
| 13:03 | Create | Villager (Male) |
| 13:04 | Create | Villager (Male) |
| 13:14 | Build | Palisade Wall |
| 13:44 | Build | Palisade Wall |
| 13:53 | Build | Farm |
| 13:55 | Build | Farm |
| 13:58 | Build | House |
| 14:10 | Create | Villager (Male) |
| 14:21 | Build | House |
| 14:27 | Build | Farm |
| 14:41 | Build | House |
| 14:44 | Research | Double-Bit Axe |
| 14:49 | Build | Stone Wall |
| 14:56 | Create | Villager (Male) |
| 14:56 | Create | Villager (Male) |
| 14:57 | Create | Villager (Male) |
| 15:18 | Build | House |
| 15:50 | Build | Farm |
| 15:59 | Build | Farm |
| 16:10 | Build | Farm |
| 16:24 | Create | Villager (Male) |
| 16:26 | Create | Villager (Male) |
| 16:41 | Build | Lumber Camp |
| 16:52 | Build | Farm |
| 17:18 | Research | Town Watch |
| 17:28 | Build | Blacksmith |
| 17:29 | Build | Palisade Wall |
| 17:48 | Create | Villager (Male) |
| 17:52 | Create | Villager (Male) |
| 18:09 | Build | Market |
| 18:47 | Create | Villager (Male) |
| 18:48 | Build | Farm |
| 18:51 | Build | Farm |
| 19:16 | Build | Farm |
| 19:23 | Build | Farm |
| 19:32 | Build | Archery Range |
| 19:49 | Build | Mining Camp |
| 20:07 | Research | Castle Age |
| 20:29 | Create | Villager (Male) |
| 20:55 | Build | Mill |
| 20:56 | Create | Skirmisher |
| 20:57 | Create | Skirmisher |
| 20:57 | Create | Skirmisher |
| 20:57 | Create | Skirmisher |
| 21:04 | Build | Watch Tower |
| 21:18 | Create | Villager (Male) |
| 21:18 | Create | Villager (Male) |
| 21:27 | Create | Skirmisher |
| 21:56 | Research | Fletching |
| 22:05 | Create | Skirmisher |
| 22:22 | Create | Skirmisher |
| 22:38 | Research | Padded Archer Armor |
| 22:40 | Create | Skirmisher |
| 22:46 | Build | Stone Wall |
| 22:47 | Age | Castle Age |
| 22:58 | Build | Archery Range |
| 23:05 | Research | Bodkin Arrow |
| 23:19 | Build | Stone Wall |
| 23:23 | Create | Villager (Male) |
| 23:49 | Research | Bow Saw |
| 23:56 | Build | House |
| 23:57 | Build | House |
| 24:32 | Research | Elite Skirmisher (upgrade) |
| 24:42 | Research | Leather Archer Armor |
| 25:08 | Create | Villager (Male) |
| 25:08 | Create | Villager (Male) |
| 25:09 | Create | Villager (Male) |
| 25:10 | Create | Villager (Male) |
| 25:31 | Build | Town Center |
| 26:00 | Create | Villager (Male) |
| 26:23 | Research | Stone Mining |
| 26:41 | Build | Stable |
| 26:43 | Create | Villager (Male) |
| 26:43 | Create | Villager (Male) |
| 26:43 | Create | Villager (Male) |
| 26:44 | Create | Villager (Male) |
| 26:52 | Build | Lumber Camp |
| 26:56 | Build | Palisade Wall |
| 27:17 | Research | Heavy Plow |
| 27:22 | Create | Villager (Male) |
| 27:22 | Create | Villager (Male) |
| 27:26 | Build | House |
| 27:41 | Research | Scale Mail Armor |
| 27:52 | Build | Stone Wall |
| 28:12 | Build | House |
| 28:16 | Build | Lumber Camp |
| 28:19 | Create | Villager (Male) |
| 28:19 | Create | Villager (Male) |
| 28:22 | Create | Scout Cavalry |
| 28:36 | Build | Stable |
| 29:14 | Create | Villager (Male) |
| 29:20 | Research | Wheelbarrow |
| 29:21 | Create | Villager (Male) |
| 29:53 | Build | Farm |
| 30:14 | Build | Castle |
| 30:22 | Build | Stable |
| 30:23 | Create | Villager (Male) |
| 30:26 | Create | Villager (Male) |
| 30:29 | Create | Villager (Male) |
| 30:32 | Research | Gold Mining |
| 30:49 | Research | Light Cavalry (upgrade) |
| 31:09 | Build | Farm |
| 31:11 | Build | Farm |
| 31:13 | Create | Villager (Male) |
| 31:14 | Create | Villager (Male) |
| 31:37 | Build | Farm |
| 31:43 | Build | Farm |
| 31:46 | Build | Farm |
| 32:02 | Build | Siege Workshop |
| 32:24 | Build | House |
| 32:27 | Build | House |
Build order — Flopito
First 150 of 351 actions detected
| 0:06 | Build | House |
| 0:07 | Build | House |
| 0:10 | Create | Villager (Male) |
| 0:11 | Create | Villager (Male) |
| 0:11 | Create | Villager (Male) |
| 0:11 | Create | Villager (Male) |
| 0:11 | Create | Villager (Male) |
| 1:54 | Create | Villager (Male) |
| 2:57 | Create | Villager (Male) |
| 2:58 | Create | Villager (Male) |
| 3:30 | Build | Mill |
| 3:53 | Create | Villager (Male) |
| 3:53 | Create | Villager (Male) |
| 3:56 | Create | Villager (Male) |
| 3:56 | Create | Villager (Male) |
| 3:56 | Create | Villager (Male) |
| 3:57 | Create | Villager (Male) |
| 3:57 | Create | Villager (Male) |
| 3:57 | Create | Villager (Male) |
| 4:08 | Build | House |
| 4:28 | Build | House |
| 5:08 | Build | House |
| 6:08 | Create | Villager (Male) |
| 6:08 | Create | Villager (Male) |
| 6:08 | Create | Villager (Male) |
| 6:08 | Create | Villager (Male) |
| 6:09 | Create | Villager (Male) |
| 7:01 | Create | Villager (Male) |
| 7:01 | Create | Villager (Male) |
| 7:02 | Create | Villager (Male) |
| 7:02 | Create | Villager (Male) |
| 7:18 | Build | Lumber Camp |
| 7:49 | Create | Villager (Male) |
| 7:49 | Create | Villager (Male) |
| 8:56 | Build | Farm |
| 8:57 | Build | Farm |
| 9:28 | Build | Farm |
| 9:41 | Build | House |
| 9:47 | Research | Feudal Age |
| 9:48 | Research | Loom |
| 10:28 | Build | Mill |
| 10:51 | Build | Palisade Wall |
| 11:57 | Age | Feudal Age |
| 11:59 | Build | Barracks |
| 12:06 | Create | Villager (Male) |
| 12:07 | Create | Villager (Male) |
| 12:07 | Create | Villager (Male) |
| 12:08 | Create | Villager (Male) |
| 12:45 | Build | Palisade Wall |
| 13:04 | Build | Mining Camp |
| 13:38 | Create | Villager (Male) |
| 13:53 | Build | Lumber Camp |
| 14:19 | Build | House |
| 14:37 | Create | Villager (Male) |
| 14:37 | Create | Villager (Male) |
| 14:37 | Create | Villager (Male) |
| 14:38 | Create | Villager (Male) |
| 14:43 | Build | House |
| 14:49 | Research | Double-Bit Axe |
| 15:12 | Build | Farm |
| 15:29 | Build | Blacksmith |
| 15:33 | Build | Farm |
| 16:01 | Build | Palisade Wall |
| 16:17 | Build | Archery Range |
| 16:18 | Build | Archery Range |
| 16:24 | Build | Farm |
| 16:25 | Build | Farm |
| 16:32 | Create | Villager (Male) |
| 16:32 | Create | Villager (Male) |
| 16:32 | Create | Villager (Male) |
| 16:32 | Create | Villager (Male) |
| 16:45 | Build | Archery Range |
| 17:02 | Create | Archer |
| 17:02 | Create | Archer |
| 17:02 | Create | Archer |
| 17:02 | Create | Archer |
| 17:14 | Build | Farm |
| 17:41 | Create | Archer |
| 17:41 | Create | Archer |
| 17:41 | Create | Archer |
| 17:41 | Create | Archer |
| 17:42 | Create | Archer |
| 17:52 | Research | Castle Age |
| 17:57 | Build | Farm |
| 17:58 | Build | Farm |
| 18:28 | Create | Archer |
| 18:34 | Build | Farm |
| 18:38 | Build | Farm |
| 18:53 | Build | House |
| 18:54 | Build | House |
| 18:55 | Build | House |
| 19:27 | Research | Fletching |
| 19:28 | Research | Padded Archer Armor |
| 20:52 | Age | Castle Age |
| 21:17 | Research | Crossbowman (upgrade) |
| 21:44 | Build | Town Center |
| 21:48 | Create | Villager (Male) |
| 21:48 | Create | Villager (Male) |
| 21:48 | Create | Villager (Male) |
| 21:49 | Create | Villager (Male) |
| 21:49 | Create | Villager (Male) |
| 21:49 | Create | Villager (Male) |
| 21:50 | Create | Villager (Male) |
| 22:06 | Build | Town Center |
| 22:52 | Create | Villager (Male) |
| 22:52 | Create | Villager (Male) |
| 22:52 | Create | Villager (Male) |
| 22:52 | Create | Villager (Male) |
| 23:10 | Create | Villager (Male) |
| 23:39 | Create | Villager (Male) |
| 23:39 | Create | Villager (Male) |
| 24:40 | Build | Stone Wall |
| 24:58 | Build | Stone Wall |
| 25:34 | Build | Market |
| 26:00 | Build | Gate |
| 26:04 | Create | Villager (Male) |
| 26:04 | Create | Villager (Male) |
| 26:05 | Create | Villager (Male) |
| 26:05 | Create | Villager (Male) |
| 26:13 | Build | Farm |
| 26:13 | Build | Farm |
| 26:13 | Build | Farm |
| 26:14 | Build | Farm |
| 26:14 | Build | Farm |
| 26:14 | Build | Farm |
| 26:23 | Create | Villager (Male) |
| 26:23 | Create | Villager (Male) |
| 26:23 | Create | Villager (Male) |
| 26:40 | Build | Lumber Camp |
| 26:53 | Create | Villager (Male) |
| 26:54 | Create | Villager (Male) |
| 26:54 | Create | Villager (Male) |
| 26:54 | Create | Villager (Male) |
| 26:54 | Create | Villager (Male) |
| 27:03 | Create | Archer |
| 27:03 | Create | Archer |
| 27:03 | Create | Archer |
| 27:04 | Create | Archer |
| 27:04 | Create | Archer |
| 27:04 | Create | Archer |
| 27:04 | Create | Archer |
| 27:05 | Create | Archer |
| 27:05 | Create | Archer |
| 27:05 | Create | Archer |
| 27:05 | Create | Archer |
| 27:37 | Create | Villager (Male) |
| 27:37 | Create | Villager (Male) |
| 27:37 | Create | Villager (Male) |
| 27:37 | Create | Villager (Male) |
| 27:42 | Build | Farm |
Build order — DarthVader
First 150 of 256 actions detected
| 0:05 | Create | Villager (Male) |
| 0:05 | Research | Loom |
| 0:06 | Create | Villager (Male) |
| 0:12 | Build | House |
| 0:20 | Create | Villager (Male) |
| 0:37 | Build | House |
| 0:53 | Build | Mill |
| 0:57 | Create | Villager (Male) |
| 0:58 | Create | Villager (Male) |
| 1:23 | Create | Villager (Male) |
| 2:20 | Create | Villager (Male) |
| 2:20 | Create | Villager (Male) |
| 2:47 | Create | Villager (Male) |
| 2:48 | Create | Villager (Male) |
| 3:13 | Create | Villager (Male) |
| 3:13 | Create | Villager (Male) |
| 3:25 | Build | House |
| 3:30 | Build | House |
| 3:45 | Create | Villager (Male) |
| 3:46 | Create | Villager (Male) |
| 4:32 | Create | Villager (Male) |
| 4:47 | Create | Villager (Male) |
| 4:47 | Create | Villager (Male) |
| 5:12 | Create | Villager (Male) |
| 5:13 | Create | Villager (Male) |
| 5:39 | Build | Lumber Camp |
| 5:46 | Create | Villager (Male) |
| 5:46 | Create | Villager (Male) |
| 6:05 | Create | Villager (Male) |
| 6:14 | Create | Villager (Male) |
| 6:15 | Create | Villager (Male) |
| 6:15 | Create | Villager (Male) |
| 6:49 | Create | Villager (Male) |
| 6:49 | Create | Villager (Male) |
| 7:07 | Build | House |
| 7:11 | Build | House |
| 8:03 | Create | Villager (Male) |
| 8:20 | Create | Villager (Male) |
| 8:20 | Create | Villager (Male) |
| 9:35 | Create | Villager (Male) |
| 9:47 | Create | Villager (Male) |
| 9:57 | Build | House |
| 9:59 | Build | House |
| 10:31 | Build | House |
| 10:45 | Build | House |
| 10:48 | Build | House |
| 10:59 | Research | Feudal Age |
| 11:00 | Create | Villager (Male) |
| 11:28 | Build | Farm |
| 11:56 | Build | House |
| 12:01 | Build | House |
| 12:02 | Build | House |
| 12:03 | Build | House |
| 12:08 | Build | House |
| 12:10 | Build | House |
| 12:10 | Build | House |
| 12:13 | Build | House |
| 12:14 | Build | House |
| 12:16 | Build | House |
| 12:33 | Build | Mining Camp |
| 12:50 | Build | Farm |
| 13:09 | Age | Feudal Age |
| 13:12 | Build | Barracks |
| 13:23 | Build | Farm |
| 13:28 | Build | Farm |
| 13:31 | Research | Town Watch |
| 13:33 | Create | Villager (Male) |
| 13:33 | Research | Wheelbarrow |
| 13:34 | Create | Villager (Male) |
| 13:46 | Build | Stone Wall |
| 13:50 | Build | Gate |
| 14:05 | Build | Mining Camp |
| 14:12 | Build | Farm |
| 14:27 | Build | Stone Wall |
| 14:31 | Build | Gate |
| 14:33 | Create | Spearman |
| 14:45 | Build | Farm |
| 14:54 | Build | Farm |
| 15:04 | Create | Villager (Male) |
| 15:04 | Create | Villager (Male) |
| 15:42 | Build | Blacksmith |
| 15:51 | Build | Stable |
| 16:02 | Build | Farm |
| 16:04 | Build | Farm |
| 16:06 | Build | Farm |
| 16:17 | Build | Gate |
| 16:35 | Create | Villager (Male) |
| 16:35 | Create | Villager (Male) |
| 16:38 | Research | Stone Mining |
| 16:50 | Build | Stone Wall |
| 16:54 | Build | Stone Wall |
| 16:56 | Build | Stone Wall |
| 16:58 | Build | Stone Wall |
| 17:02 | Build | Stone Wall |
| 17:07 | Build | Stone Wall |
| 17:17 | Build | Barracks |
| 17:25 | Research | Gold Mining |
| 17:48 | Build | Stone Wall |
| 18:08 | Build | Mining Camp |
| 18:10 | Create | Spearman |
| 18:11 | Research | Arson |
| 18:25 | Build | House |
| 18:29 | Build | House |
| 18:33 | Build | House |
| 18:36 | Create | Spearman |
| 18:39 | Create | Villager (Male) |
| 18:39 | Create | Villager (Male) |
| 18:39 | Create | Villager (Male) |
| 19:03 | Build | Farm |
| 19:22 | Build | Lumber Camp |
| 19:37 | Build | Gate |
| 19:46 | Build | Farm |
| 19:52 | Create | Villager (Male) |
| 19:52 | Create | Villager (Male) |
| 20:07 | Build | Farm |
| 20:16 | Create | Villager (Male) |
| 20:16 | Create | Villager (Male) |
| 20:24 | Build | Farm |
| 20:47 | Build | Mining Camp |
| 20:54 | Create | Villager (Male) |
| 20:54 | Create | Villager (Male) |
| 20:59 | Build | Farm |
| 21:27 | Build | Stone Wall |
| 21:32 | Build | Gate |
| 21:56 | Create | Villager (Male) |
| 21:57 | Create | Villager (Male) |
| 22:10 | Research | Double-Bit Axe |
| 22:21 | Build | Farm |
| 22:41 | Build | Archery Range |
| 22:56 | Build | Archery Range |
| 23:03 | Create | Villager (Male) |
| 23:03 | Create | Villager (Male) |
| 23:03 | Create | Villager (Male) |
| 23:23 | Build | Farm |
| 23:39 | Create | Skirmisher ×3 |
| 23:54 | Build | Stone Wall |
| 24:08 | Build | Farm |
| 24:15 | Create | Spearman ×4 |
| 24:32 | Build | Farm |
| 24:44 | Build | Lumber Camp |
| 25:07 | Research | Castle Age |
| 25:08 | Create | Villager (Male) |
| 25:43 | Create | Skirmisher ×5 |
| 26:19 | Research | Padded Archer Armor |
| 26:22 | Research | Fletching |
| 26:23 | Research | Forging |
| 26:23 | Research | Scale Mail Armor |
| 26:35 | Build | Farm |
| 26:36 | Build | Farm |
| 26:37 | Build | Farm |
Build order — Saibott
First 150 of 276 actions detected
| 0:03 | Research | Loom |
| 0:07 | Build | House |
| 0:26 | Create | Villager (Male) |
| 0:26 | Create | Villager (Male) |
| 0:26 | Create | Villager (Male) |
| 0:31 | Create | Villager (Male) |
| 1:23 | Create | Villager (Male) |
| 2:08 | Create | Villager (Male) |
| 2:25 | Create | Villager (Male) |
| 2:30 | Build | House |
| 2:40 | Create | Villager (Male) |
| 2:58 | Build | Lumber Camp |
| 3:16 | Create | Villager (Male) |
| 3:24 | Create | Villager (Male) |
| 3:24 | Create | Villager (Male) |
| 4:16 | Build | House |
| 4:37 | Create | Villager (Male) |
| 4:38 | Create | Villager (Male) |
| 4:38 | Create | Villager (Male) |
| 4:38 | Create | Villager (Male) |
| 5:56 | Create | Villager (Male) |
| 5:57 | Create | Villager (Male) |
| 6:09 | Build | Mill |
| 6:43 | Build | House |
| 7:13 | Build | Barracks |
| 7:18 | Create | Villager (Male) |
| 7:20 | Create | Villager (Male) |
| 8:08 | Research | Feudal Age |
| 8:17 | Build | Palisade Wall |
| 8:19 | Build | Palisade Wall |
| 8:25 | Build | Palisade Wall |
| 8:28 | Build | Palisade Wall |
| 8:58 | Build | Mining Camp |
| 9:17 | Build | House |
| 10:06 | Build | Farm |
| 10:13 | Create | Villager (Male) |
| 10:13 | Create | Villager (Male) |
| 10:18 | Age | Feudal Age |
| 10:31 | Build | Archery Range |
| 10:51 | Create | Villager (Male) |
| 11:09 | Research | Double-Bit Axe |
| 11:26 | Create | Archer |
| 11:27 | Create | Archer |
| 11:34 | Create | Villager (Male) |
| 11:35 | Create | Villager (Male) |
| 11:41 | Build | House |
| 11:48 | Build | Palisade Wall |
| 12:02 | Create | Spearman |
| 12:09 | Build | House |
| 12:11 | Create | Villager (Male) |
| 12:11 | Create | Villager (Male) |
| 12:27 | Build | Archery Range |
| 12:32 | Build | Farm |
| 12:47 | Create | Archer |
| 12:51 | Build | Farm |
| 13:02 | Create | Villager (Male) |
| 13:31 | Create | Archer |
| 13:38 | Build | Blacksmith |
| 13:52 | Build | Palisade Wall |
| 13:56 | Build | Palisade Gate |
| 13:57 | Build | Palisade Wall |
| 14:03 | Build | Palisade Wall |
| 14:05 | Create | Villager (Male) |
| 14:05 | Create | Villager (Male) |
| 14:05 | Create | Villager (Male) |
| 14:09 | Build | Farm |
| 14:10 | Build | Farm |
| 14:13 | Build | House |
| 14:20 | Create | Villager (Male) |
| 14:26 | Create | Archer |
| 14:26 | Create | Archer |
| 14:28 | Create | Archer |
| 14:28 | Create | Archer |
| 14:47 | Build | Palisade Wall |
| 14:55 | Create | Archer |
| 14:55 | Create | Archer |
| 15:01 | Build | House |
| 15:03 | Create | Villager (Male) |
| 15:03 | Create | Villager (Male) |
| 15:12 | Create | Archer |
| 15:12 | Create | Archer |
| 15:19 | Build | Farm |
| 15:24 | Build | Farm |
| 15:32 | Research | Fletching |
| 15:47 | Research | Horse Collar |
| 15:54 | Build | Farm |
| 16:15 | Build | Farm |
| 16:15 | Create | Villager (Male) |
| 16:18 | Create | Villager (Male) |
| 16:22 | Build | House |
| 16:44 | Create | Villager (Male) |
| 16:48 | Build | Farm |
| 16:51 | Build | Farm |
| 16:51 | Build | Farm |
| 17:05 | Build | Farm |
| 17:06 | Create | Villager (Male) |
| 18:21 | Research | Wheelbarrow |
| 18:24 | Create | Archer ×5 |
| 18:57 | Create | Villager (Male) |
| 18:57 | Create | Villager (Male) |
| 18:58 | Create | Villager (Male) |
| 19:40 | Build | House |
| 19:41 | Build | House |
| 20:02 | Research | Town Watch |
| 20:04 | Create | Villager (Male) |
| 20:06 | Create | Villager (Male) |
| 20:08 | Research | Padded Archer Armor |
| 20:08 | Create | Villager (Male) |
| 20:08 | Create | Villager (Male) |
| 20:11 | Build | Mill |
| 20:12 | Build | Farm |
| 20:12 | Build | Farm |
| 20:13 | Build | Farm |
| 20:13 | Build | Farm |
| 20:13 | Build | Farm |
| 20:13 | Build | Farm |
| 20:14 | Build | Farm |
| 20:14 | Build | Farm |
| 20:41 | Build | House |
| 20:48 | Research | Gold Mining |
| 20:49 | Create | Villager (Male) |
| 20:49 | Create | Villager (Male) |
| 20:50 | Create | Villager (Male) |
| 21:38 | Create | Villager (Male) |
| 21:43 | Build | House |
| 22:12 | Build | House |
| 22:20 | Research | Castle Age |
| 22:26 | Build | Mining Camp |
| 22:32 | Create | Archer ×3 |
| 22:42 | Research | Stone Mining |
| 22:49 | Build | Mill |
| 22:53 | Build | Lumber Camp |
| 23:34 | Create | Archer ×2 |
| 24:29 | Create | Archer |
| 24:30 | Create | Archer |
| 24:37 | Create | Archer |
| 24:47 | Create | Villager (Male) |
| 24:47 | Create | Villager (Male) |
| 25:01 | Create | Archer |
| 25:01 | Create | Archer |
| 25:09 | Create | Archer |
| 25:13 | Age | Castle Age |
| 25:21 | Build | Town Center |
| 25:27 | Build | Town Center |
| 25:28 | Create | Villager (Male) |
| 25:28 | Create | Villager (Male) |
| 25:38 | Research | Crossbowman (upgrade) |
| 25:59 | Research | Gold Shaft Mining |
| 26:03 | Research | Bodkin Arrow |
| 26:13 | Create | Archer |
Build order — Benjamminnemmann
First 150 of 304 actions detected
| 0:00 | Create | Villager (Male) |
| 0:01 | Create | Villager (Male) |
| 0:01 | Create | Villager (Male) |
| 0:01 | Create | Villager (Male) |
| 0:02 | Build | House |
| 0:04 | Build | House |
| 1:22 | Create | Villager (Male) |
| 1:59 | Create | Villager (Male) |
| 2:20 | Create | Villager (Male) |
| 2:51 | Create | Villager (Male) |
| 3:06 | Build | Lumber Camp |
| 3:08 | Create | Villager (Male) |
| 3:27 | Build | Mill |
| 3:36 | Create | Villager (Male) |
| 3:51 | Create | Villager (Male) |
| 4:26 | Create | Villager (Male) |
| 4:37 | Create | Villager (Male) |
| 4:38 | Research | Loom |
| 4:41 | Build | House |
| 4:47 | Build | House |
| 4:52 | Create | Villager (Male) |
| 5:04 | Create | Villager (Male) |
| 5:21 | Create | Villager (Male) |
| 5:39 | Create | Villager (Male) |
| 6:18 | Create | Villager (Male) |
| 6:49 | Create | Villager (Male) |
| 7:04 | Create | Villager (Male) |
| 7:36 | Build | Barracks |
| 7:48 | Create | Villager (Male) |
| 8:06 | Build | House |
| 8:13 | Build | House |
| 8:24 | Research | Feudal Age |
| 9:12 | Build | Lumber Camp |
| 9:34 | Build | Mining Camp |
| 10:12 | Create | Villager (Male) |
| 10:12 | Create | Villager (Male) |
| 10:35 | Age | Feudal Age |
| 10:38 | Create | Villager (Male) |
| 10:43 | Research | Horse Collar |
| 10:43 | Research | Double-Bit Axe |
| 10:54 | Build | Blacksmith |
| 10:56 | Create | Militia |
| 11:05 | Build | Archery Range |
| 11:17 | Research | Town Watch |
| 11:27 | Build | Farm |
| 11:32 | Build | House |
| 11:36 | Build | House |
| 11:41 | Create | Villager (Male) |
| 11:53 | Build | Farm |
| 11:58 | Create | Archer |
| 11:59 | Create | Archer |
| 12:03 | Build | Farm |
| 12:06 | Build | Farm |
| 12:11 | Build | Farm |
| 12:17 | Create | Villager (Male) |
| 12:27 | Create | Archer |
| 12:44 | Build | Watch Tower |
| 12:55 | Create | Spearman |
| 12:57 | Create | Spearman |
| 13:03 | Create | Villager (Male) |
| 13:07 | Build | Farm |
| 13:26 | Create | Villager (Male) |
| 13:32 | Build | Farm |
| 13:40 | Create | Villager (Male) |
| 13:46 | Build | Farm |
| 13:48 | Build | Farm |
| 13:57 | Build | Farm |
| 13:58 | Build | Farm |
| 14:09 | Build | House |
| 14:13 | Create | Spearman |
| 14:17 | Create | Villager (Male) |
| 14:23 | Build | Farm |
| 14:31 | Create | Villager (Male) |
| 14:35 | Create | Archer |
| 14:36 | Create | Archer |
| 14:48 | Build | Farm |
| 14:56 | Create | Villager (Male) |
| 15:15 | Build | Farm |
| 15:18 | Build | Farm |
| 15:19 | Build | Farm |
| 15:28 | Build | Palisade Wall |
| 15:48 | Build | Farm |
| 15:49 | Build | Farm |
| 16:02 | Build | Palisade Wall |
| 16:03 | Build | Palisade Wall |
| 16:05 | Create | Villager (Male) |
| 16:05 | Create | Villager (Male) |
| 16:12 | Create | Spearman |
| 16:12 | Create | Spearman |
| 17:39 | Create | Villager (Male) |
| 17:39 | Create | Villager (Male) |
| 17:42 | Research | Castle Age |
| 17:52 | Build | Palisade Wall |
| 18:27 | Build | Archery Range |
| 18:28 | Research | Fletching |
| 18:28 | Research | Padded Archer Armor |
| 18:44 | Create | Spearman |
| 18:44 | Create | Spearman |
| 18:48 | Create | Skirmisher ×5 |
| 19:14 | Build | Mining Camp |
| 19:16 | Create | Skirmisher ×5 |
| 19:57 | Build | House |
| 19:58 | Build | House |
| 19:59 | Build | House |
| 20:00 | Build | House |
| 20:13 | Research | Gold Mining |
| 20:14 | Research | Stone Mining |
| 20:22 | Age | Castle Age |
| 20:27 | Research | Heavy Plow |
| 20:28 | Research | Bow Saw |
| 21:35 | Create | Villager (Male) |
| 21:35 | Create | Villager (Male) |
| 21:36 | Create | Villager (Male) |
| 21:51 | Build | Town Center |
| 22:06 | Research | Elite Skirmisher (upgrade) |
| 22:08 | Research | Bodkin Arrow |
| 22:16 | Create | Skirmisher |
| 22:19 | Create | Skirmisher |
| 22:33 | Create | Villager (Male) |
| 22:33 | Create | Villager (Male) |
| 23:22 | Build | Town Center |
| 23:29 | Create | Villager (Male) |
| 23:52 | Build | Farm |
| 23:53 | Create | Villager (Male) |
| 23:54 | Create | Villager (Male) |
| 24:29 | Create | Villager (Male) |
| 24:45 | Create | Villager (Male) |
| 24:48 | Research | Gold Shaft Mining |
| 25:21 | Research | Scale Mail Armor |
| 25:21 | Research | Forging |
| 25:26 | Create | Villager (Male) |
| 25:28 | Build | Farm |
| 25:30 | Create | Villager (Male) |
| 25:30 | Create | Villager (Male) |
| 25:30 | Create | Villager (Male) |
| 25:31 | Create | Villager (Male) |
| 25:34 | Create | Villager (Male) |
| 25:34 | Create | Villager (Male) |
| 25:34 | Create | Villager (Male) |
| 25:34 | Create | Villager (Male) |
| 25:48 | Build | Farm |
| 26:14 | Research | Crossbowman (upgrade) |
| 26:18 | Create | Archer ×5 |
| 26:18 | Create | Archer ×5 |
| 26:23 | Create | Villager (Male) |
| 26:24 | Create | Villager (Male) |
| 26:29 | Create | Villager (Male) |
| 26:29 | Create | Villager (Male) |
| 26:29 | Create | Villager (Male) |
| 26:31 | Create | Villager (Male) |
Build order — ellukatzi00
First 150 of 220 actions detected
| 0:03 | Build | House |
| 0:04 | Build | House |
| 0:18 | Create | Villager (Male) |
| 0:19 | Create | Villager (Male) |
| 0:19 | Create | Villager (Male) |
| 2:10 | Create | Villager (Male) |
| 2:11 | Create | Villager (Male) |
| 2:35 | Create | Villager (Male) |
| 2:35 | Create | Villager (Male) |
| 2:41 | Build | Lumber Camp |
| 3:54 | Create | Villager (Male) |
| 3:54 | Create | Villager (Male) |
| 4:32 | Build | House |
| 4:34 | Build | House |
| 4:57 | Create | Villager (Male) |
| 4:57 | Create | Villager (Male) |
| 4:57 | Create | Villager (Male) |
| 4:58 | Create | Villager (Male) |
| 5:31 | Build | Mill |
| 6:38 | Create | Villager (Male) |
| 6:38 | Create | Villager (Male) |
| 6:39 | Create | Villager (Male) |
| 7:54 | Create | Villager (Male) |
| 7:55 | Create | Villager (Male) |
| 8:03 | Build | House |
| 8:11 | Build | House |
| 8:16 | Build | Palisade Wall |
| 8:37 | Create | Villager (Male) |
| 8:38 | Create | Villager (Male) |
| 9:18 | Build | Palisade Gate |
| 9:22 | Build | Barracks |
| 9:27 | Build | Donjon |
| 10:10 | Create | Villager (Male) |
| 10:10 | Create | Villager (Male) |
| 10:10 | Research | Loom |
| 10:20 | Build | Palisade Wall |
| 10:24 | Build | Palisade Wall |
| 10:44 | Build | Mining Camp |
| 10:52 | Build | House |
| 10:53 | Build | House |
| 10:58 | Build | Mill |
| 11:02 | Build | House |
| 11:06 | Build | Palisade Wall |
| 11:11 | Research | Feudal Age |
| 11:17 | Build | Palisade Wall |
| 11:19 | Build | Palisade Wall |
| 11:23 | Build | Palisade Wall |
| 12:01 | Build | House |
| 12:05 | Build | Palisade Gate |
| 12:14 | Build | House |
| 12:20 | Build | Palisade Wall |
| 12:24 | Build | Palisade Wall |
| 13:08 | Build | Mining Camp |
| 13:14 | Create | Villager (Male) |
| 13:14 | Create | Villager (Male) |
| 13:14 | Create | Villager (Male) |
| 13:29 | Build | House |
| 13:33 | Build | Palisade Wall |
| 13:35 | Age | Feudal Age |
| 13:42 | Build | House |
| 13:46 | Build | House |
| 13:49 | Build | Palisade Wall |
| 13:59 | Create | Serjeant |
| 14:00 | Create | Serjeant |
| 14:00 | Create | Serjeant |
| 14:00 | Create | Serjeant |
| 14:01 | Create | Serjeant |
| 14:25 | Build | Palisade Wall |
| 14:39 | Build | Farm |
| 14:43 | Build | Farm |
| 14:55 | Create | Serjeant |
| 15:04 | Build | Farm |
| 15:25 | Build | Market |
| 15:34 | Create | Serjeant |
| 15:34 | Create | Serjeant |
| 16:00 | Build | House |
| 16:04 | Build | House |
| 16:09 | Build | Palisade Wall |
| 16:36 | Create | Spearman |
| 16:36 | Create | Spearman |
| 16:37 | Create | Spearman |
| 16:37 | Create | Spearman |
| 16:48 | Create | Spearman |
| 16:48 | Create | Spearman |
| 16:48 | Create | Spearman |
| 17:00 | Build | Palisade Wall |
| 17:09 | Build | Donjon |
| 18:23 | Build | Farm |
| 18:25 | Build | Farm |
| 18:28 | Build | Farm |
| 18:30 | Build | Farm |
| 18:34 | Build | Farm |
| 19:16 | Build | Palisade Wall |
| 19:29 | Build | Farm |
| 19:30 | Build | Farm |
| 19:30 | Build | Farm |
| 19:31 | Build | Farm |
| 19:41 | Build | Donjon |
| 20:09 | Build | Donjon |
| 20:26 | Build | Donjon |
| 21:29 | Build | Farm |
| 21:53 | Build | Farm |
| 23:04 | Build | Blacksmith |
| 24:43 | Research | Castle Age |
| 24:48 | Build | House |
| 25:02 | Research | Double-Bit Axe |
| 25:08 | Research | Arson |
| 25:43 | Research | Horse Collar |
| 25:53 | Research | Forging |
| 25:54 | Research | Scale Mail Armor |
| 25:54 | Research | Scale Barding Armor |
| 26:04 | Create | Serjeant |
| 26:04 | Create | Serjeant |
| 26:04 | Create | Serjeant |
| 26:04 | Create | Serjeant |
| 26:05 | Create | Serjeant |
| 26:29 | Create | Villager (Male) |
| 26:29 | Create | Villager (Male) |
| 26:30 | Create | Villager (Male) |
| 26:30 | Create | Villager (Male) |
| 27:16 | Create | Serjeant |
| 27:17 | Create | Serjeant |
| 27:17 | Create | Serjeant |
| 27:17 | Create | Serjeant |
| 27:23 | Age | Castle Age |
| 27:37 | Research | Squires |
| 28:00 | Build | Town Center |
| 28:36 | Create | Villager (Male) |
| 28:36 | Create | Villager (Male) |
| 28:44 | Build | Farm |
| 29:19 | Build | Farm |
| 32:54 | Build | Farm |
| 32:59 | Create | Serjeant |
| 33:02 | Build | Farm |
| 33:03 | Build | Farm |
| 33:03 | Build | Farm |
| 33:10 | Create | Villager (Male) |
| 33:10 | Create | Villager (Male) |
| 33:10 | Create | Villager (Male) |
| 33:10 | Create | Villager (Male) |
| 33:11 | Create | Villager (Male) |
| 33:11 | Create | Villager (Male) |
| 33:11 | Create | Villager (Male) |
| 33:11 | Create | Villager (Male) |
| 33:24 | Build | Farm |
| 33:57 | Build | House |
| 34:08 | Build | Palisade Wall |
| 34:16 | Build | Palisade Wall |
| 35:13 | Build | House |
| 35:15 | Build | Palisade Wall |
Match timeline
| 7:13 | Saibott · first_building Barracks |
| 7:17 | Pantufla18 · first_building Barracks |
| 7:36 | Benjamminnemmann · first_building Barracks |
| 8:16 | ellukatzi00 · wall_segment Palisade Wall x1 |
| 8:17 | Saibott · wall_segment Palisade Wall x10 |
| 8:19 | Saibott · wall_segment Palisade Wall x12 |
| 8:25 | Saibott · wall_segment Palisade Wall x9 |
| 8:28 | Saibott · wall_segment Palisade Wall x14 |
| 9:22 | ellukatzi00 · first_building Barracks |
| 9:27 | ellukatzi00 · first_building Donjon |
| 10:05 | hitmanvoodly · first_building Barracks |
| 10:18 | Saibott · age_up feudal |
| 10:20 | ellukatzi00 · wall_segment Palisade Wall x2 |
| 10:24 | ellukatzi00 · wall_segment Palisade Wall x2 |
| 10:31 | Saibott · first_building Archery Range |
| 10:35 | Benjamminnemmann · age_up feudal |
| 10:47 | hitmanvoodly · age_up feudal |
| 10:49 | KR0N0S- · first_building Barracks |
| 10:51 | Flopito · wall_segment Palisade Wall x10 |
| 11:05 | Benjamminnemmann · first_building Archery Range |
| 11:05 | KR0N0S- · wall_segment Palisade Wall x3 |
| 11:06 | ellukatzi00 · wall_segment Palisade Wall x4 |
| 11:17 | Pantufla18 · wall_segment Palisade Wall x6 |
| 11:17 | ellukatzi00 · wall_segment Palisade Wall x4 |
| 11:19 | Pantufla18 · age_up feudal |
| 11:19 | ellukatzi00 · wall_segment Palisade Wall x1 |
| 11:23 | ellukatzi00 · wall_segment Palisade Wall x4 |
| 11:24 | hitmanvoodly · first_building Stable |
| 11:48 | Saibott · wall_segment Palisade Wall x10 |
| 11:57 | Flopito · age_up feudal |
| 11:59 | Flopito · first_building Barracks |
| 12:20 | ellukatzi00 · wall_segment Palisade Wall x3 |
| 12:24 | ellukatzi00 · wall_segment Palisade Wall x6 |
| 12:45 | Flopito · wall_segment Palisade Wall x15 |
| 13:01 | KR0N0S- · wall_segment Palisade Wall x18 |
| 13:09 | DarthVader · age_up feudal |
| 13:12 | DarthVader · first_building Barracks |
| 13:14 | Pantufla18 · wall_segment Palisade Wall x8 |
| 13:17 | KR0N0S- · age_up feudal |
| 13:33 | ellukatzi00 · wall_segment Palisade Wall x5 |
| 13:35 | ellukatzi00 · age_up feudal |
| 13:38 | KR0N0S- · wall_segment Palisade Wall x1 |
| 13:44 | Pantufla18 · wall_segment Palisade Wall x7 |
| 13:46 | DarthVader · wall_segment Stone Wall x14 |
| 13:49 | ellukatzi00 · wall_segment Palisade Wall x3 |
| 13:52 | Saibott · wall_segment Palisade Wall x1 |
| 13:57 | Saibott · wall_segment Palisade Wall x1 |
| 14:03 | Saibott · wall_segment Palisade Wall x10 |
| 14:23 | KR0N0S- · wall_segment Palisade Wall x16 |
| 14:25 | ellukatzi00 · wall_segment Palisade Wall x5 |
| 14:27 | DarthVader · wall_segment Stone Wall x8 |
| 14:31 | KR0N0S- · wall_segment Palisade Wall x28 |
| 14:47 | Saibott · wall_segment Palisade Wall x10 |
| 14:49 | Pantufla18 · wall_segment Stone Wall x1 |
| 15:28 | Benjamminnemmann · wall_segment Palisade Wall x10 |
| 15:51 | DarthVader · first_building Stable |
| 16:01 | Flopito · wall_segment Palisade Wall x9 |
| 16:02 | Benjamminnemmann · wall_segment Palisade Wall x7 |
| 16:03 | Benjamminnemmann · wall_segment Palisade Wall x1 |
| 16:09 | ellukatzi00 · wall_segment Palisade Wall x1 |
| 16:17 | Flopito · first_building Archery Range |
| 16:50 | DarthVader · wall_segment Stone Wall x1 |
| 16:54 | DarthVader · wall_segment Stone Wall x1 |
| 16:56 | DarthVader · wall_segment Stone Wall x1 |
| 16:58 | DarthVader · wall_segment Stone Wall x1 |
| 17:00 | ellukatzi00 · wall_segment Palisade Wall x1 |
| 17:02 | DarthVader · wall_segment Stone Wall x4 |
| 17:07 | DarthVader · wall_segment Stone Wall x17 |
| 17:29 | Pantufla18 · wall_segment Palisade Wall x1 |
| 17:32 | KR0N0S- · wall_segment Palisade Wall x21 |
| 17:48 | DarthVader · wall_segment Stone Wall x12 |
| 17:52 | Benjamminnemmann · wall_segment Palisade Wall x14 |
| 19:07 | Pantufla18 · first_market_buy 100 food |
| 19:16 | ellukatzi00 · wall_segment Palisade Wall x1 |
| 19:32 | Pantufla18 · first_building Archery Range |
| 20:22 | Benjamminnemmann · age_up castle |
| 20:52 | Flopito · age_up castle |
| 21:27 | DarthVader · wall_segment Stone Wall x6 |
| 22:41 | DarthVader · first_building Archery Range |
| 22:46 | Pantufla18 · wall_segment Stone Wall x1 |
| 22:47 | Pantufla18 · age_up castle |
| 22:48 | KR0N0S- · wall_segment Palisade Wall x2 |
| 23:19 | Pantufla18 · wall_segment Stone Wall x1 |
| 23:21 | hitmanvoodly · age_up castle |
| 23:54 | DarthVader · wall_segment Stone Wall x4 |
| 24:16 | KR0N0S- · age_up castle |
| 24:23 | KR0N0S- · first_building Castle |
| 24:40 | Flopito · wall_segment Stone Wall x16 |
| 24:58 | Flopito · wall_segment Stone Wall x18 |
| 25:13 | Saibott · age_up castle |
| 25:26 | hitmanvoodly · first_building Castle |
| 25:59 | hitmanvoodly · first_building Monastery |
| 26:41 | Pantufla18 · first_building Stable |
| 26:47 | KR0N0S- · first_building Monastery |
| 26:56 | Pantufla18 · wall_segment Palisade Wall x1 |
| 27:23 | ellukatzi00 · age_up castle |
| 27:30 | Benjamminnemmann · first_building Siege Workshop |
| 27:35 | DarthVader · wall_segment Stone Wall x14 |
| 27:47 | DarthVader · age_up castle |
| 27:52 | Pantufla18 · wall_segment Stone Wall x4 |
| 29:11 | DarthVader · first_building Monastery |
| 29:27 | DarthVader · first_building Castle |
| 29:53 | Saibott · first_building Castle |
| 30:14 | Pantufla18 · first_building Castle |
| 30:33 | Flopito · first_building Stable |
| 30:41 | Benjamminnemmann · first_building Castle |
| 30:55 | DarthVader · wall_segment Stone Wall x11 |
| 31:27 | Flopito · wall_segment Stone Wall x8 |
| 32:02 | Pantufla18 · first_building Siege Workshop |
| 33:24 | Pantufla18 · first_market_sell 100 wood |
| 33:57 | DarthVader · wall_segment Stone Wall x9 |
| 34:06 | DarthVader · first_building Siege Workshop |
| 34:08 | ellukatzi00 · wall_segment Palisade Wall x3 |
| 34:16 | ellukatzi00 · wall_segment Palisade Wall x5 |
| 34:23 | Flopito · first_building Castle |
| 35:15 | ellukatzi00 · wall_segment Palisade Wall x2 |
| 35:18 | KR0N0S- · age_up imperial |
| 35:18 | ellukatzi00 · wall_segment Palisade Wall x1 |
| 35:22 | Saibott · age_up imperial |
| 35:59 | Benjamminnemmann · first_building Monastery |
| 36:05 | ellukatzi00 · wall_segment Palisade Wall x2 |
| 36:39 | Benjamminnemmann · first_market_buy 100 food |
| 36:43 | Benjamminnemmann · first_market_sell 100 wood |
| 36:45 | hitmanvoodly · age_up imperial |
| 36:55 | Pantufla18 · age_up imperial |
| 37:28 | DarthVader · wall_segment Stone Wall x2 |
| 37:53 | Flopito · first_building Siege Workshop |
| 38:03 | ellukatzi00 · first_building Stable |
| 39:45 | Flopito · age_up imperial |
| 39:48 | ellukatzi00 · wall_segment Stone Wall x1 |
| 39:55 | Benjamminnemmann · age_up imperial |
| 40:04 | DarthVader · wall_segment Stone Wall x1 |
| 41:53 | ellukatzi00 · wall_segment Stone Wall x1 |
| 41:57 | Saibott · first_building Siege Workshop |
| 44:28 | Pantufla18 · resign |
| 45:40 | ellukatzi00 · wall_segment Palisade Wall x1 |
| 46:55 | KR0N0S- · first_building Siege Workshop |
| 47:14 | Flopito · first_market_buy 100 stone |
[ AI ANALYSIS · 1 CREDIT ]
What really happened in this match?
Wolo.gg analyzes every decision: build order, eco, micro, common mistakes by bracket. Personalized analysis on WhatsApp or Discord in 30 seconds.
Civ guide
Franks
Perfil
Jugador #516556